 Dungeon Crawl Stone Soup version 0.30.0-30-g96aa6591b8 (webtiles) character file.

Game seed: 16759145815830391343

26803 Ayven the Severer (level 13, -7/118 HPs)
             Began as a Minotaur Fighter on June 29, 2023.
             Was the Champion of Okawaru.
             Killed from afar by a shock serpent (25 damage)
             ... with a bolt of electricity
             ... on level 1 of the Snake Pit.
             The game lasted 01:31:57 (12731 turns).

Ayven the Severer (Minotaur Fighter)               Turns: 12731, Time: 01:31:58

Health: -7/118     AC: 37    Str: 29 (31) XL:     13   Next: 0%
Magic:  12/12      EV:  9    Int:  8 (9)  God:    Okawaru [******]
Gold:   819        SH:  0    Dex:  9 (10) Spells: 12/12 levels left

rFire   . . .        y - +9 broad axe "Fyg Xea" {heavy, Str+2}
rCold   + . .        (no shield)
rNeg    . . .        Q - +0 crystal plate armour "Irezip" {Str+3 Stlth+}
rPois   +            x - +2 hat of the End {Harm rC+}
rElec   .            i - +0 cloak
rCorr   .            d - +2 pair of gloves
SInv    .            v - +1 pair of boots "Faameach" {Rampage Int+4}
Will    .....        H - amulet of faith Stlth
                     u - +4 ring of protection
HPRegen 0.39/turn    p - ring of poison resistance
MPRegen 0.13/turn

%: harm (+30% outgoing, +20% incoming), rampage, faith
@: about to teleport
A: horns 2, retaliatory headbutt, deterioration 1
a: Renounce Religion, Heroism, Finesse, Duel


You were on level 1 of the Snake Pit.
You worshipped Okawaru.
Okawaru was exalted by your worship.
You visited 4 branches of the dungeon, and saw 13 of its levels.
You also visited: Sewer.

You collected 819 gold pieces.

Inventory:

Hand Weapons
 a - a +4 battleaxe of protection
 c - the +16 obsidian axe {drain, demonic, Mesm Drain Fly SInv}
   (You acquired it on level 1 of the Lair of Beasts)

   Mesm:      Its wielder is mesmerised by any visible foes, and it cannot be
   unequipped while any foes are visible.
   SInv:      It lets you see invisible.
   Fly:       It grants you flight.
   Drain:     It drains your maximum health when unequipped.
 y - the +9 broad axe "Fyg Xea" (weapon) {heavy, Str+2}
   (You acquired it on level 1 of the Lair of Beasts)

   Str:       It affects your strength (+2).
 G - a +4 quarterstaff of chaos
 I - a +7 war axe of freezing
 N - the +3 longbow of Okawaru, Brewing {freeze, Will+ MP+9}
   (Okawaru gifted it to you on level 3 of the Lair of Beasts)

   MP:        It affects your magic capacity (+9).
   Will:      It increases your willpower.
Missiles
 j - a throwing net (quivered)
Armour
 d - a +2 pair of gloves (worn)
 i - a +0 cloak (worn)
 t - a +2 plate armour
 v - the +1 pair of boots "Faameach" (worn) {Rampage Int+4}
   (You acquired it on level 1 of the Lair of Beasts)

   Int:       It affects your intelligence (+4).
   Rampage:   It bestows one free step when moving towards enemies.
 x - the +2 hat of the End (worn) {Harm rC+}
   (Okawaru gifted it to you on level 2 of the Lair of Beasts)

   rC:        It protects you from cold.
   Harm:      It increases damage dealt and taken.
 K - a +0 kite shield
 Q - the +0 crystal plate armour "Irezip" (worn) {Str+3 Stlth+}
   (Okawaru gifted it to you on level 1 of the Snake Pit)

   Str:       It affects your strength (+3).
   Stlth:     It makes you more stealthy.
Jewellery
 l - an amulet of magic regeneration
 m - a ring of protection from fire
 o - a ring of protection from fire
 p - a ring of poison resistance (right hand)
 u - a +4 ring of protection (left hand)
 H - an amulet of faith (around neck)
 M - an amulet of faith
Wands
 b - a wand of flame (49)
 r - a wand of quicksilver (5)
 C - a wand of polymorph (7)
 L - a wand of iceblast (5)
Scrolls
 k - 2 scrolls of poison
 s - 3 scrolls of blinking
 D - 5 scrolls of teleportation
 O - a scroll of torment
 R - a scroll of immolation {unknown}
 S - a scroll of identify
Potions
 e - a potion of attraction
 f - 2 potions of brilliance
 g - a potion of ambrosia
 h - 2 potions of might
 n - a potion of magic
 q - 3 potions of invisibility
 w - 3 potions of heal wounds
 z - 2 potions of cancellation
 A - 2 potions of degeneration
 E - a potion of flight
 F - 2 potions of berserk rage
 J - a potion of lignification {unknown}


   Skills:
 + Level 12.1 Fighting
 * Level 15.0 Axes
 * Level 15.0 Armour
 + Level 10.4 Dodging
 - Level 0.2 Stealth
 + Level 4.0 Shields


You had 12 spell levels left.
You didn't know any spells.
Your spell library contained the following spells:

 Spells                   Type           Power      Damage    Failure   Level
 Freeze                   Ice            0%         1d3       100%        1
 Sandblast                Erth           0%         2d4       100%        1
 Slow                     Hex            0%         N/A       100%        1
 Ensorcelled Hibernation  Hex/Ice        0%         N/A       100%        2
 Passwall                 Tmut/Erth      0%         N/A       100%        2
 Confusing Touch          Hex            0%         N/A       100%        3
 Frozen Ramparts          Ice            0%         1d1       100%        3
 Hailstorm                Conj/Ice       0%         3d3       100%        3
 Spider Form              Tmut/Pois      0%         N/A       100%        3
 Stone Arrow              Conj/Erth      0%         3d7       100%        3
 Swiftness                Air            0%         N/A       100%        3
 Vampiric Draining        Necr           0%         2d6       100%        3
 Anguish                  Hex/Necr       0%         N/A       100%        4
 Cause Fear               Hex            0%         N/A       100%        4
 Alistair's Intoxication  Tmut/Pois      0%         N/A       100%        5
 Borgnjor's Vile Clutch   Necr/Erth      0%         N/A       100%        5
 Eringya's Noxious Bog    Tmut/Pois      0%         N/A       100%        6
 Enfeeble                 Hex            0%         N/A       100%        7


Dungeon Overview and Level Annotations

Branches:
Dungeon (8/15)             Temple (1/1) D:5            Lair (3/5) D:8
  Swamp (0/4) Lair:3        Snake (1/4) Lair:2        Sewer (visited)

Altars:
Ashenzari
Cheibriados
Dithmenos
Elyvilon
Gozag
Kikubaaqudgha
Makhleb
Nemelex Xobeh
Okawaru
Qazlal
Ru
Sif Muna
Trog
Uskayaw
Xom
Yredelemnul
Zin
The Shining One

Shops:
Snake:1 *


Innate Abilities, Weirdness & Mutations

You have a pair of horns on your head.
You reflexively headbutt those who attack you in melee.
Your body sometimes deteriorates upon taking damage.


Message History

The shock serpent completely resists.
The shock serpent closely misses you. You furiously retaliate!
You headbutt the shock serpent.
The shock serpent's electric aura discharges, shocking you!
Okay, then.
You feel better.
The shock serpent bites you but does no damage.
You feel better.
The shock serpent completely misses you.
The shock serpent bites you but does no damage.
You closely miss the shock serpent.
The shock serpent is almost dead.
The shock serpent bites you but does no damage.
The shock serpent bites you. The shock serpent shocks you!
* * * LOW HITPOINT WARNING * * *
You feel better.
The shock serpent bites you but does no damage.
You feel better.
The shock serpent shoots out a bolt of lightning at you!
The bolt of electricity hits you!!
* * * LOW HITPOINT WARNING * * *
The bolt of electricity hits you!
* * * LOW HITPOINT WARNING * * *
Your body deteriorates!
You feel weakened.
The bolt of electricity hits the shock serpent.
The shock serpent completely resists.
The shock serpent bites you but does no damage.
Blink to where?
Press: ? - help, Dir - move target
As you read the scroll of blinking, it crumbles to dust.
Blink to where?
Press: ? - help, Dir - move target
As you read the scroll of blinking, it crumbles to dust.
As you read the scroll of fog, it crumbles to dust.
The scroll dissolves into smoke.
A shock serpent is nearby!
As you read the scroll of teleportation, it crumbles to dust.
You feel strangely unstable.
The shock serpent shoots out a bolt of lightning at you!
The bolt of electricity hits you!!
You die...

.................................
.#..............#................
.#.............##......>##.......
##.............##........##.....#
##..##.............##.........##
...####.............##.......##
#.## ..............#....## # #..#
#...................#
#..###..##......@##.).....#
...............)...........#
...........................#
#....#.#####.............###
##..#######.............## ##.#
#.#....S..........# ##..#
#................#### ...##
#...................# ..##
#.................#


You could see a shock serpent.

Vanquished Creatures
  2 hydras (Lair:3)
  3 anacondas (Snake:1)
  A naga warrior (Snake:1)
  5 death yaks (Lair:2)
  Urug (Lair:3)
  3 naga sharpshooters (Snake:1)
  A shock serpent (Snake:1)
  A salamander (Snake:1)
  8 black mambas
  3 cane toads
  A komodo dragon (Lair:1)
  A troll (D:8)
  A meliai (Lair:2)
  4 polar bears (Lair:1)
  2 tyrant leeches (Lair:3)
  Prince Ribbit (D:6)
  8 blink frogs (Lair:2)
  Sigmund (D:4)
  2 wyverns
  22 yaks
  2 basilisks
  3 steam dragons
  5 nagas (Snake:1)
  2 swamp worms (Lair:3)
  2 water moccasins
  Duvessa (D:4)
  5 orc warriors
  An ice beast (D:5)
  2 sky beasts
  4 black bears
  2 ogres
  A boggart (D:6)
  9 wolves
  2 centaurs (D:8)
  A phantom (D:6)
  A kobold brigand (D:4)
  10 bullfrogs
  2 scorpions
  A gnoll sergeant (D:5)
  5 wights (D:7)
  Dowan (D:4)
  5 electric eels (D:8)
  A howler monkey (D:7)
  15 hounds
  3 jellies
  An orc priest (D:6)
  Crazy Yiuf (D:6)
  A sleepcap (D:6)
  7 hell rats (Lair:3)
  Natasha (twice) (D:4)
  4 iguanas
  4 orc wizards
  4 adders
  2 shadow imps
  3 white imps
  4 worms
  3 dart slugs
  19 orcs
  13 ball pythons
  5 endoplasms
  7 giant cockroaches (Sewer)
  3 goblins
  8 hobgoblins
  9 jackals
  7 kobolds
  8 quokkas
  5 bats
  15 frilled lizards
  3 rats
295 creatures vanquished.

Notes
Turn   | Place    | Note
-------+----------+-------------------------------------------
     0 | D:1      | Ayven the Minotaur Fighter began the quest for the Orb.
     0 | D:1      | Reached XP level 1. HP: 19/19 MP: 0/0
   129 | D:1      | Reached XP level 2. HP: 27/27 MP: 1/1
   428 | D:1      | Reached XP level 3. HP: 33/33 MP: 2/2
  2060 | D:4      | Noticed Sigmund
  2125 | D:4      | Reached XP level 4. HP: 41/41 MP: 3/3
  2143 | D:4      | Noticed a kobold brigand
  2158 | D:4      | Killed a kobold brigand
  2159 | D:4      | Reached XP level 5. HP: 31/47 MP: 4/4
  2346 | D:4      | Reached skill level 1 in Dodging
  2394 | D:4      | Found a sparkling altar of Nemelex Xobeh.
  2531 | D:4      | Noticed Duvessa
  2531 | D:4      | Noticed Dowan
  2556 | D:4      | Killed Duvessa
  2557 | D:4      | Reached skill level 5 in Fighting
  2557 | D:4      | Reached skill level 5 in Axes
  2557 | D:4      | Reached skill level 5 in Armour
  2557 | D:4      | Reached XP level 6. HP: 33/56 MP: 5/5
  2561 | D:4      | Killed Dowan
  2732 | D:4      | Killed Sigmund
  2733 | D:4      | Reached XP level 7. HP: 62/62 MP: 6/6
  3053 | D:4      | Noticed Natasha
  3063 | D:4      | Killed Natasha
  3068 | D:4      | Noticed Natasha
  3079 | D:4      | Killed Natasha
  3186 | D:5      | Entered Level 5 of the Dungeon
  3527 | D:5      | Reached XP level 8. HP: 71/71 MP: 7/7
  4107 | D:5      | Found a staircase to the Ecumenical Temple.
  4329 | Temple   | Entered the Ecumenical Temple
  4342 | Temple   | Became a worshipper of Warmaster Okawaru
  4443 | D:6      | Reached skill level 5 in Dodging
  4592 | D:6      | Found a glowing drain.
  4597 | Sewer    | Entered a sewer
  4857 | Sewer    | Gained mutation: Armour fits poorly on your strangely
                  | shaped body. [potion of mutation]
  4863 | Sewer    | Lost mutation: Armour fits poorly on your strangely shaped
                  | body. [potion of mutation]
  4863 | Sewer    | Gained mutation: Your body sometimes deteriorates upon
                  | taking damage. [potion of mutation]
  5076 | Sewer    | Reached * piety under Okawaru
  5153 | D:6      | Reached XP level 9. HP: 67/81 MP: 8/8
  5256 | D:6      | Noticed Prince Ribbit
  5270 | D:6      | Killed Prince Ribbit
  5369 | D:6      | Found a runed translucent door.
  5370 | D:6      | Noticed Crazy Yiuf
  5467 | D:6      | Killed Crazy Yiuf
  5949 | D:7      | Reached ** piety under Okawaru
  6312 | D:7      | Found a flagged portal.
  6721 | D:8      | Reached *** piety under Okawaru
  6737 | D:8      | Reached XP level 10. HP: 76/91 MP: 9/9
  6775 | D:8      | Noticed a lindwurm
  6775 | D:8      | Noticed a lindwurm
  6786 | D:8      | Noticed a lindwurm
  6828 | D:8      | Noticed a lindwurm
  6858 | D:8      | Reached skill level 10 in Axes
  6867 | D:8      | Reached skill level 10 in Armour
  7099 | D:8      | Found a staircase to the Lair.
  7112 | D:8      | Reached **** piety under Okawaru
  8027 | Lair:1   | Entered Level 1 of the Lair of Beasts
  8191 | Lair:1   | Noticed a black mamba
  8200 | Lair:1   | Killed a black mamba
  8210 | Lair:1   | Identified 3 scrolls of acquirement
  8211 | Lair:1   | Acquired the +1 pair of boots "Faameach" {Rampage Int+4}
  8218 | Lair:1   | Acquired the +9 broad axe "Fyg Xea" {heavy, Str+2}
  8223 | Lair:1   | Acquired the +16 obsidian axe {drain, demonic, Mesm Drain
                  | Fly SInv}
  8223 | Lair:1   | Found the +16 obsidian axe {drain, demonic, Mesm Drain Fly
                  | SInv}
  8440 | Lair:1   | Noticed a black mamba
  8448 | Lair:1   | Killed a black mamba
  8510 | Lair:1   | Noticed a black mamba
  8516 | Lair:1   | Killed a black mamba
  8516 | Lair:1   | Reached ***** piety under Okawaru
  8571 | Lair:1   | Noticed a cane toad
  8576 | Lair:1   | Killed a cane toad
  8972 | Lair:1   | Reached XP level 11. HP: 99/99 MP: 10/10
  8985 | Lair:1   | Reached skill level 10 in Fighting
  9473 | Lair:2   | Noticed a death yak
  9475 | Lair:2   | Noticed a death yak
  9476 | Lair:2   | Noticed a death yak
  9481 | Lair:2   | Noticed a death yak
  9482 | Lair:2   | Noticed a death yak
  9484 | Lair:2   | Killed a death yak
  9487 | Lair:2   | Killed a death yak
  9487 | Lair:2   | Reached ****** piety under Okawaru
  9490 | Lair:2   | Killed a death yak
  9491 | Lair:2   | Killed a death yak
  9491 | Lair:2   | Identified the +2 hat of the End {Harm rC+} (Okawaru gifted
                  | it to you on level 2 of the Lair of Beasts)
  9491 | Lair:2   | Received a gift from Okawaru
  9493 | Lair:2   | Killed a death yak
  9999 | Lair:2   | Found a staircase to the Snake Pit.
 10178 | Lair:2   | Identified the +9 falchion "Taorrust" {antimagic, Int+3
                  | Dex+2}
 10199 | Lair:2   | Reached XP level 12. HP: 103/110 MP: 11/11
 10403 | Lair:3   | Noticed an eight-headed hydra
 10412 | Lair:3   | Noticed an eight-headed hydra
 10419 | Lair:3   | Killed a 14-headed hydra
 10423 | Lair:3   | Killed a nine-headed hydra
 10685 | Lair:3   | Identified the +3 longbow of Okawaru, Brewing {freeze,
                  | Will+ MP+9} (Okawaru gifted it to you on level 3 of the
                  | Lair of Beasts)
 10685 | Lair:3   | Received a gift from Okawaru
 10744 | Lair:3   | Noticed Urug
 10767 | Lair:3   | Killed Urug
 11201 | Lair:3   | Identified the +3 long sword "Beastslayer" {antimagic,
                  | Int+2}
 11477 | Lair:3   | Found a staircase to the Swamp.
 11609 | Snake:1  | Entered Level 1 of the Snake Pit
 11839 | Snake:1  | Reached skill level 10 in Dodging
 11847 | Snake:1  | Identified the +0 crystal plate armour "Irezip" {Str+3
                  | Stlth+} (Okawaru gifted it to you on level 1 of the Snake
                  | Pit)
 11847 | Snake:1  | Received a gift from Okawaru
 12394 | Snake:1  | Noticed an anaconda
 12400 | Snake:1  | Killed an anaconda
 12483 | Snake:1  | Noticed an anaconda
 12488 | Snake:1  | Killed an anaconda
 12518 | Snake:1  | Noticed a naga warrior
 12519 | Snake:1  | Noticed an anaconda
 12526 | Snake:1  | Killed an anaconda
 12527 | Snake:1  | Reached skill level 15 in Axes
 12527 | Snake:1  | Killed a naga warrior
 12528 | Snake:1  | Reached skill level 15 in Armour
 12528 | Snake:1  | Reached XP level 13. HP: 98/118 MP: 9/12
 12698 | Snake:1  | Found Puhig's Overcharged Wands.
 12731 | Snake:1  | Killed from afar by a shock serpent

Illustrated notes

Levels and vault maps discovered:
D:1:      beargit_arrival_greenhouse, layout_basic,
          chequers_serial_rivers_large_a
D:2:      layout_rooms
D:3:      layout_loops_ring, grunt_ministairs_7
D:4:      layout_basic, kennysheep_mini_moat, uniq_natasha, uniq_duvessa,
          uniq_sigmund
D:5:      layout_rooms, temple_hall, minmay_misc_feat_doors, minmay_pentangle
D:6:      layout_loops_ring, gup_sewer_entry_bowl, uniq_prince_ribbit1,
          uniq_crazy_yiuf_cottage
D:7:      layout_rooms, enter_bailey_8
D:8:      layout_basic, erik_lair_island, skrybe_limestone_x,
          minmay_lindwurm_lava
Temple:   sentei_temple_godly_chess
Lair:1:   beast_lair_carwin_large_2, layout_cellular_growth,
          serial_bayou_shore_a
Lair:2:   layout_cave_pods, nicolae_snake_entry_warm_welcome, lemuel_fruit_tree,
          infiniplex_staircase_pool_2, grunt_megastairs_1
Lair:3:   layout_roguey, palyth_hydra_swamp_entry, uniq_urug
Snake:1:  layout_cave_shapes, nicolae_shop_overcharged_wands

Skill      XL: |  1  2  3  4  5  6  7  8  9 10 11 12 |
---------------+-------------------------------------+-----
Fighting       | 4 5 6 7 9 11 12 | 12.1
Shields        | 4 |  4.0
Axes           | 3 4 5 6 7 9 11 13 15 | 15.0
Armour         | 4 5 6 7 9 11 13 15 | 15.0
Dodging        | 2 3 4 5 7 8 9 10 | 10.4
Stealth        | |  0.2

Action                     |  1- 3 |  4- 6 |  7- 9 | 10-12 | 13-15 || total
---------------------------+-------+-------+-------+-------+-------++-------
  Melee: War axe           |    91 |    79 |    70 |     9 |       ||   249
         Headbutt          |    10 |     8 |    54 |    49 |     1 ||   122
         Flail             |       |       |   194 |       |       ||   194
         Battleaxe         |       |       |    51 |    89 |       ||   140
         Broad axe         |       |       |       |   185 |     5 ||   190
         Punch             |       |       |       |     7 |       ||     7
   Fire: Longbow           |       |       |       |     1 |       ||     1
  Throw: Throwing net      |       |       |       |     2 |       ||     2
 Invoke: Heroism           |       |       |       |     7 |       ||     7
  Evoke: Wand              |       |       |     2 |    26 |       ||    28
    Use: Scroll            |     1 |    10 |     6 |    12 |     4 ||    33
         Potion            |       |     2 |     7 |     2 |     4 ||    15
 Armour: Scale mail        |    51 |     6 |       |       |       ||    57
         Plate armour      |       |    42 |   227 |   302 |       ||   571
         Crystal plate arm |       |       |       |    20 |     9 ||    29
  Dodge: Dodged            |    46 |    23 |   110 |   180 |     3 ||   362
  Block: Buckler           |    20 |    18 |    55 |       |       ||    93
